 Dungeon Crawl Stone Soup version 0.21.1-1-g345015fe64 (webtiles) character file.

201 Ivernyr the Charmwright (level 5, -3/41 HPs)
             Began as a Demonspawn Skald on May 1, 2018.
             Slain by a gnoll
             ... wielding a +1 halberd of venom
              (8 damage)
             ... while paralysed by a gnoll
             ... on level 3 of the Dungeon.
             The game lasted 00:06:06 (3762 turns).

Ivernyr the Charmwright (Demonspawn Skald)          Turns: 3762, Time: 00:06:06

Health: -3/41      AC:  3    Str: 12    XL:     5   Next: 50%
Magic:  8/8        EV:  2    Int: 14    God:
Gold:   88         SH:  0    Dex: 13    Spells: 3/8 levels left

rFire    . . .     SeeInvis .   a - +0 falchion
rCold    . . .     Gourm    .   (no shield)
rNeg     . . .     Faith    .   b - +0 leather armour
rPois    .         Spirit   .   (no helmet)
rElec    .         Reflect  .   l - scarf {cloud immunity}
rCorr    .         Harm     .   (no gloves)
MR       .....                  (no boots)
Stlth    +.........             (no amulet)
HPRegen  0.13/turn              (no ring)
MPRegen  0.11/turn              (no ring)

@: paralysed, lethally poisoned (-3 -> -8)
A: claws 1
a: no special abilities


You were on level 3 of the Dungeon.
You were not hungry.

You visited 1 branch of the dungeon, and saw 3 of its levels.

You collected 88 gold pieces.

Inventory:

Hand Weapons
 a - a +0 falchion (weapon)
Armour
 b - a +0 leather armour (worn)
 l - a scarf of cloud immunity (worn)
Scrolls
 e - a scroll of enchant weapon {unknown}
 g - a scroll of blinking {unknown}
 j - 2 scrolls of identify {unknown}
 k - a scroll of teleportation {unknown}
 n - a scroll of remove curse {unknown}
Potions
 f - a potion of curing
 h - a potion of agility
 m - 2 potions of heal wounds {unknown}
Books
 c - a book of Battle

   Spells                             Type                      Level
   a - Infusion                       Charms                       1
   b - Shroud of Golubria             Charms/Translocation         2
   c - Song of Slaying                Charms                       2
   d - Spectral Weapon                Hexes/Charms                 3
   e - Regeneration                   Charms/Necromancy            3
Comestibles
 d - 3 rations


   Skills:
 + Level 3.0 Fighting
 + Level 2.7 Long Blades
 * Level 3.1 Armour
 - Level 1.7 Dodging
 - Level 2.0 Spellcasting
 + Level 3.5 Charms


You had 3 spell levels left.
You knew the following spells:

 Your Spells              Type           Power        Failure   Level  Hunger
a - Shroud of Golubria    Chrm/Tloc      #.........   22%         2    ###....
b - Song of Slaying       Chrm           ##......     11%         2    ###....
c - Infusion              Chrm           ##..         7%          1    ##.....


Dungeon Overview and Level Annotations

Branches:
Dungeon (3/15)

Altars:
Qazlal


Innate Abilities, Weirdness & Mutations

You have sharp fingernails.


Message History

The gnoll shouts!
You hit the gnoll but do no damage.
The gnoll is heavily wounded.
The gnoll zaps a wand.
You resist with some effort.
You hit the gnoll.
The gnoll is severely wounded.
The gnoll hits you with a club.
The gnoll hits you from afar with a halberd of venom!
The gnoll zaps a wand.
You resist with some effort.
The gnoll zaps a wand.
You suddenly lose the ability to move!
The gnoll hits you with a club!
* * * LOW HITPOINT WARNING * * *
The gnoll hits you but does no damage.
You are poisoned.
The gnoll hits you with a club.
* * * LOW HITPOINT WARNING * * *
* * * LOW HITPOINT WARNING * * *
You feel sick.
The gnoll hits you from afar with a halberd of venom!
You die...

#.##.###...##.##
#.#####.##
#.............#
#........#
####.###...(#.#
#######..#
######.####.###.#
#..#
..........(.# #.#
#..#
.#####.###### #.#
####..# ## #.#
#.# #...†.# #.#
#.### #.###.# #.#
#.@.# #.# #.# #.#
###g# #.# #.. #.#
#g# #r# ### #.#
#g# #.# #.#
######.# # #.#
#......# ## ..
#.# #......# #.
## #.# #......#
#.
#.####.....#####.


You could see 3 gnolls.

Vanquished Creatures
  A jelly (D:2)
  An orc wizard (D:3)
  A worker ant (D:3)
  A gnoll (D:3)
  4 adders
  2 worms (D:3)
  4 dart slugs
  7 orcs (D:3)
  A giant cockroach (D:3)
  8 goblins
  5 hobgoblins
  2 jackals (D:2)
  5 kobolds
  2 quokkas (D:3)
  2 ball pythons (D:1)
  6 bats
  2 frilled lizards
  8 rats
62 creatures vanquished.

Notes
Turn   | Place    | Note
-------+----------+-------------------------------------------
     0 | D:1      | Ivernyr the Demonspawn Skald began the quest for the Orb.
     0 | D:1      | Reached XP level 1. HP: 16/16 MP: 3/3
   229 | D:1      | Reached skill level 1 in Armour
   407 | D:1      | Gained mutation: You have sharp fingernails. [demonic ancestry]
   407 | D:1      | Reached XP level 2. HP: 22/22 MP: 5/5
  1029 | D:2      | Reached XP level 3. HP: 4/28 MP: 3/6
  1291 | D:2      | Learned a level 2 spell: Song of Slaying
  1294 | D:2      | Learned a level 2 spell: Shroud of Golubria
  1749 | D:2      | Reached XP level 4. HP: 34/34 MP: 7/7
  2719 | D:3      | Reached XP level 5. HP: 8/40 MP: 5/8
  3355 | D:3      | Found a stormy altar of Qazlal.
  3472 | D:3      | Found a faded altar of an unknown god.
  3747 | D:3      | Paralysed by a gnoll for 4 turns
  3757 | D:3      | Paralysed by a gnoll for 7 turns
  3762 | D:3      | Slain by a gnoll

Skill      XL: |  1  2  3  4  5 |
---------------+----------------+-----
Armour         | 1 2 3 |  3.1
Long Blades    | 2 |  2.7
Charms         | 3 |  3.5
Fighting       | 3 |  3.0
Dodging        | |  1.7
Spellcasting   | |  2.0

Action                   |  1- 3 |  4- 6 || total
-------------------------+-------+-------++-------
Melee: Falchion          |    72 |   154 ||   226
 Cast: Shroud of Golubri |     1 |    16 ||    17
       Song of Slaying   |       |     2 ||     2
  Use: Potion            |       |     2 ||     2
 Stab: Sleeping          |     1 |       ||     1
  Eat: Chunk             |     3 |     8 ||    11
Armor: Leather armour    |    15 |    52 ||    67
Dodge: Dodged            |    52 |   112 ||   164
       Rpst.: Falchion   |    16 |    34 ||    50
